 Dungeon Crawl Stone Soup version 0.30-a0-557-ge2afbf3030 (webtiles) character file.

Game seed: 9092960884688127974

15409 MackTheKnife the Carver (level 12, -3/97 HPs)
             Began as a Demonspawn Venom Mage on Dec 27, 2022.
             Was a High Priest of Fedhas.
             Slain by an orc warrior
             ... wielding a +0 dire flail
              (19 damage)
             ... on level 2 of the Orcish Mines.
             The game lasted 00:18:41 (8789 turns).

MackTheKnife the Carver (Demonspawn Venom Mage)     Turns: 8789, Time: 00:18:41

Health: -3/97      AC: 11    Str:  6    XL:     12   Next: 1%
Magic:  14/27      EV:  8    Int: 16    God:    Fedhas [*****.]
Gold:   2881       SH: 21    Dex: 20    Spells: 12/16 levels left

rFire   + + .      SeeInvis +    e - +6 double sword of the Aged Visionaries {speed, rF++ rC- rCorr Str+3, longrare=g}
rCold   + + .      Faith    .    D - +4 kite shield "Jiafug" {rC+ Regen+}
rNeg    . . .      Spirit   .    t - +0 ring mail {Will+}
rPois   .          Reflect  +    (no helmet)
rElec   +          Harm     .    n - +2 cloak of the Thief {*Fog Slay-2 SInv Stlth+}
rCorr   +          Rampage  .    (gloves unavailable)
Will    +....                    E - +0 pair of boots "Aviestre" {Fly rElec rC+}
Stlth   ++++                     H - amulet "Qeorul" {Reflect +Inv Str-5 Slay+2 SH+5 Stlth+}
HPRegen 1.16/turn                L - ring of magical power
MPRegen 0.20/turn                c - ring of protection from cold

@: mighty, flying, very slightly contaminated
A: rugged brown scales 2, powered by pain 1, spiny 2, demonic touch 3
a: Renounce Religion, Evoke Invisibility, Wall of Briars, Grow Ballistomycete,
Overgrow, Grow Oklob


You were on level 2 of the Orcish Mines.
You worshipped Fedhas.
Fedhas was extremely pleased with you.
You visited 2 branches of the dungeon, and saw 12 of its levels.

You collected 3045 gold pieces.
You spent 164 gold pieces at shops.


Innate Abilities, Weirdness & Mutations

You are mostly covered in rugged brown scales. (AC +2, +5% HP)
You sometimes gain a little power by taking damage.
You are mostly covered in sharp spines.
Your touch may irresistibly damage your foes and sap their willpower.


   Skills:
 - Level 8.2 Fighting
 - Level 12.0 Long Blades
 - Level 1.7 Dodging
 - Level 1.7 Stealth
 - Level 9.0 Shields
 - Level 2.6 Spellcasting
 - Level 1.0 Conjurations
 - Level 0.8 Transmutations
 - Level 3.3 Poison Magic
 + Level 8.4 Invocations


You had 12 spell levels left.
You knew the following spells:

 Your Spells              Type           Power      Damage    Failure   Level
b - Poisonous Vapours     Pois/Air       14%        N/A       82%         2
c - Searing Ray           Conj           10%        2d4       88%         2

Your spell library contained the following spells:

 Spells                   Type           Power      Damage    Failure   Level
 Sting                    Tmut/Pois      32%        1d4       61%         1
 Magic Dart               Conj           20%        1d4       77%         1
 Sandblast                Erth           4%         2d4       88%         1
 Slow                     Hex            8%         N/A       88%         1
 Wereblood                Tmut           4%         N/A       89%         2
 Passwall                 Tmut/Erth      2%         N/A       93%         2
 Sublimation of Blood     Necr           2%         N/A       96%         2
 Ignite Poison            Fire/Tmut/Pois 6%         N/A       97%         3
 Mephitic Cloud           Conj/Pois/Air  6%         N/A       97%         3
 Confusing Touch          Hex            2%         N/A       99%         3
 Gell's Gravitas          Tloc           2%         N/A       99%         3
 Kindle Blastsparks       Fire/Tloc/Air  4%         2d10      99%         3
 Lesser Beckoning         Tloc           4%         N/A       99%         3
 Stone Arrow              Conj/Erth      6%         3d7       99%         3
 Teleport Other           Tloc           2%         N/A       99%         3
 Vampiric Draining        Necr           2%         2d6       99%         3
 Olgreb's Toxic Radiance  Pois           12%        N/A       99%         4
 Fulminant Prism          Conj/Hex       1%         3d5       100%        4
 Petrify                  Tmut/Erth      3%         N/A       100%        4
 Sticky Flame             Conj/Fire      3%         2d3       100%        4
 Fireball                 Conj/Fire      1%         3d3       100%        5
 Freezing Cloud           Conj/Ice/Air   1%         6-21      100%        5
 Irradiate                Conj/Tmut      2%         3d12      100%        5
 Iskenderun's Battlesphe  Conj           5%         2d6       100%        5
 Conjure Ball Lightning   Conj/Air       1%         3x3d7     100%        6
 Orb of Destruction       Conj           2%         9d5       100%        7
 Summon Hydra             Summ           1%         N/A       100%        7
 Ignition                 Fire           1%         3d3       100%        8

Inventory:

Hand Weapons
 e - the +6 double sword of the Aged Visionaries (weapon) {speed, rF++ rC- rCorr Str+3, longrare=g}
   (You acquired it on level 1 of the Dungeon)

   Attacks with this weapon are significantly faster.
   Str:       It affects your strength (+3).
   rF:        It greatly protects you from fire.
   rC:        It makes you vulnerable to cold.
   rCorr:     It protects you from acid and corrosion.
Armour
 k - a +0 plate armour
   (You found it on level 7 of the Dungeon)
 n - the +2 cloak of the Thief (worn) {*Fog Slay-2 SInv Stlth+}
   (You acquired it on level 7 of the Dungeon)

   It may release a thick cloud of smoke when the wearer is hurt.
   Slay:      It affects your accuracy & damage with ranged weapons and melee
   (-2).
   SInv:      It lets you see invisible.
   Stlth:     It makes you more stealthy.
 p - a +0 buckler
   (You found it on level 2 of the Dungeon)
 t - a +0 ring mail of willpower (worn)
   (You took it off a hobgoblin on level 3 of the Dungeon)
 w - a +0 leather armour
   (You took it off an orc on level 3 of the Dungeon)
 x - a +0 leather armour
   (You took it off an orc on level 3 of the Dungeon)
 y - a +0 plate armour
   (You took it off an orc warrior on level 9 of the Dungeon)
 A - a +0 robe
   (You took it off an orc wizard on level 4 of the Dungeon)
 C - a +0 robe
   (You took it off an orc wizard on level 4 of the Dungeon)
 D - the +4 kite shield "Jiafug" (worn) {rC+ Regen+}
   (You acquired it on level 4 of the Dungeon)

   rC:        It protects you from cold.
   Regen:     It increases your rate of health regeneration.
 E - the +0 pair of boots "Aviestre" (worn) {Fly rElec rC+}
   (You acquired it on level 4 of the Dungeon)

   rC:        It protects you from cold.
   rElec:     It insulates you from electricity.
   Fly:       It grants you flight.
 F - a +0 leather armour
   (You took it off an orc priest on level 4 of the Dungeon)
 G - a +0 ring mail
   (You took it off an orc on level 4 of the Dungeon)
 I - a +0 robe
   (You took it off Pikel on level 5 of the Dungeon)
 M - a +0 robe
   (You took it off an orc wizard on level 6 of the Dungeon)
 N - a +0 plate armour
   (You took it off an orc warrior on level 6 of the Dungeon)
 O - a +0 leather armour
   (You took it off an orc on level 6 of the Dungeon)
 P - a +0 ring mail
   (You took it off an orc on level 6 of the Dungeon)
 Q - a +0 chain mail
   (You took it off an orc warrior on level 6 of the Dungeon)
 R - a +0 leather armour
   (You took it off a gnoll bouda on level 6 of the Dungeon)
 T - a +0 chain mail
   (You took it off an orc warrior on level 6 of the Dungeon)
 U - a +0 ring mail
   (You took it off an orc priest on level 6 of the Dungeon)
 V - a +0 robe
   (You took it off an orc wizard on level 6 of the Dungeon)
 W - a +0 leather armour
   (You took it off an orc on level 6 of the Dungeon)
 X - a +0 robe
   (You took it off a gnoll bouda on level 6 of the Dungeon)
 Y - a +0 leather armour
   (You took it off an orc on level 6 of the Dungeon)
 Z - a +0 leather armour
   (You took it off an orc on level 6 of the Dungeon)
Jewellery
 c - a ring of protection from cold (right hand)
   (You found it on level 8 of the Dungeon)
 h - a ring of willpower
   (You found it on level 1 of the Orcish Mines)
 H - the amulet "Qeorul" (around neck) {Reflect +Inv Str-5 Slay+2 SH+5 Stlth+}
   (You found it on level 5 of the Dungeon)

   [amulet of reflection]

   It reflects blocked missile attacks.
   Str:       It affects your strength (-5).
   Slay:      It affects your accuracy & damage with ranged weapons and melee
   (+2).
   +Inv:      It lets you turn invisible.
   SH:        It affects your SH (+5).
   Stlth:     It makes you more stealthy.
 L - a ring of magical power (left hand)
   (You found it on level 6 of the Dungeon)
Wands
 j - a wand of flame (22)
   (You took it off a kobold on level 6 of the Dungeon)
 z - a wand of paralysis (4)
   (You found it on level 10 of the Dungeon)
 B - a wand of digging (7)
   (You found it on level 3 of the Dungeon)
 J - a wand of roots (18)
   (You took it off Pikel on level 5 of the Dungeon)
 S - a wand of mindburst (34)
   (You found it on level 6 of the Dungeon)
Scrolls
 d - a scroll of fear
 f - a scroll of amnesia
 g - a scroll of poison {!r}
 r - 4 scrolls of blinking {!r}
 v - 4 scrolls of teleportation {@r4}
Potions
 a - a potion of might
 b - 2 potions of magic
 i - 6 potions of flight
 l - 3 potions of ambrosia
 m - 3 potions of heal wounds {@q2}
 o - a potion of brilliance
 q - 2 potions of mutation {!q}
 s - a potion of berserk rage {unknown}
 u - 2 potions of lignification {!q}
 K - 4 potions of curing {@q1}

Dungeon Overview and Level Annotations

Branches:
Dungeon (10/15) Zot: 26232  Temple (0/1) D:7            Lair (0/5) D:10
    Orc (2/2) D:9 Zot: 10967
    Elf: Orc:2

Altars:
Ashenzari
Cheibriados
Fedhas
Gozag
Qazlal
Trog
Vehumet

Shops:
D:7 !   Orc:1 [ Orc:2

? ##..............
###.#..........
##)##.........
########.)...<.....##
###.#.#.###)...........
##........))#)..........
#............##.........
#....§.##...#..........#
#....§§@###.............
#....§§ooo##............
#.....§§o..##...........
#######.oo4.##..........
#PP..4.#..........
o##P...#.......... .o
##ooP#.......... o.÷
#.÷.###.........
÷..÷.o)..##..........


You could see an orc knight (corroded, ally target), 2 orc high priests, an
orange demon (summoned), a chaos spawn (summoned), 2 orc warriors, an orc wizard
(strong, invisible) and a friendly oklob plant (summoned).


Message History

The orc warrior struggles to escape constriction.
The orc knight struggles to escape constriction.
You block the orc knight's attack. 😕 HP[+2]
You regained 2 hp, and now have 74/97 hp.
Unknown command.
The grasping roots constrict the orc knight.
The grasping roots constrict the orc warrior.
The roots release their grip on the orc warrior.
The orc knight struggles to escape constriction. 😕 HP[+1] MP[+1]
The grasping roots constrict the orc knight.
The roots release their grip on the orc knight.
Your oklob plant spits acid at the orc knight.
The splash of acid hits the orc high priest!! 😕 HP[+1]
Aiming: Fastroot
Press: ? - help, Shift-Dir - straight line The roots erupt in riotous growth!
Roots grab the orc knight. x2
The grasping roots constrict the orc knight. x2
You block the orc knight's attack.
The orc knight struggles to escape constriction.
The orc high priest prays to Beogh.
Send 'em back where they came from!
Your oklob plant shudders.
The orc sorcerer mumbles some strange words.
Send 'em back where they came from!
Your oklob plant shudders. 😕 HP[+1]
Aiming: Overgrow
Press: ? - help, Dir - move target The stone wall is torn apart as a burning bush grows in its place.
The rock wall is torn apart as an oklob sapling grows in its place. x2
An orc knight and an orc sorcerer come into view.
The grasping roots constrict the orc knight.
The grasping roots constrict the orc knight!
The orc knight shouts!
You block the orc warrior's attack.
The orc knight escapes!
You block the orc knight's attack.
The orc sorcerer gestures at you while chanting.
The bolt of fire hits you! You resist.
You focus on the pain.
You feel very mighty all of a sudden.
The orc sorcerer gestures wildly while chanting.
The orc high priest mumbles some strange prayers to Beogh against you.
Beogh smites you! 😮 HP[-20] MP[-8]
You take 20 damage, and now have 57/97 hp.
MASSIVE DAMAGE!! (PAUSE)
You lost 8 mp, and now have 15/27 mp.
The orc knight attacks as you move away!
You block the orc knight's attack.
The orc knight hits your oklob sapling with a +0 broad axe!!
The grasping roots constrict the orc knight!
The orc sorcerer no longer looks unusually strong.
The orc high priest no longer looks unusually strong.
The roots release their grip on the orc knight.
The orc knight no longer looks unusually strong.
The orc sorcerer gestures wildly while chanting.
The orc knight roars a battlecry!
The orcs go into a battle-frenzy!
Your oklob plant spits acid at the orc knight.
The splash of acid hits the orc high priest!!
The acid corrodes the orc high priest!
Your burning bush throws fire at the orc knight.
The puff of flame hits the orc knight! 😮 HP[+1] Unknown command.
Aiming: Grow Ballistomycete (4% risk of failure)
Press: ? - help, Dir - move target, f - orc warrior
Aim: an orc warrior, wielding a +0 dire flail and wearing a +0 plate armour (lightly wounded, strong) That space is already occupied.
Okay, then.
Casting: Poisonous Vapours (dangerous; 82% risk of failure)
Confirm with . or Enter, or press ? or * to list all spells.
Aiming: Poisonous Vapours (dangerous; 82% risk of failure)
Press: ? - help, Dir - move target, p - orc warrior You miscast Poisonous Vapours.
You are very lightly contaminated with residual magic.
Nothing appears to happen.
The orc sorcerer hits your oklob sapling with a +0 dagger.
The orc warrior hits you with a +0 dire flail!!
* * * LOW HITPOINT WARNING * * *
With a swish of your cloak, you release a cloud of fog.
The orc knight hits you from afar with a +1 glaive of pain!!
* * * LOW HITPOINT WARNING * * *
With a swish of your cloak, you release a cloud of fog.
Your oklob sapling spits acid at the orc knight.
The splash of acid hits the orc knight!!
The acid corrodes the orc knight! 😱 HP[-43] MP[-1]
You take 43 damage, and now have 15/97 hp.
MASSIVE DAMAGE!! (PAUSE)
You lost 1 mp, and now have 14/27 mp.
The orc knight attacks as you move away!
You block the orc knight's attack.
The orc warrior is struck by your spines.
The orc warrior hits you with a +0 dire flail!!
You die...
Fedhas appreciates your contribution to the ecosystem.

Skill      XL: |  1  2  3  4  5  6  7  8  9 10 11 |
---------------+----------------------------------+-----
Conjurations   | 1 |  1.0
Fighting       | 1 2 6 8 |  8.2
Long Blades    | 1 2 3 4 6 7 9 11 12 | 12.0
Shields        | 1 2 5 6 8 9 |  9.0
Invocations    | 8 |  8.4
Dodging        | |  1.7
Stealth        | |  1.7
Spellcasting   | |  2.6
Transmutations | |  0.8
Poison Magic   | |  3.3

Action                   |  1- 3 |  4- 6 |  7- 9 | 10-12 || total
-------------------------+-------+-------+-------+-------++-------
Melee: Unarmed           |    13 |       |       |       ||    13
       Short sword       |    23 |       |       |       ||    23
       Double sword      |    29 |    79 |   267 |   458 ||   833
 Cast: Sting             |    16 |       |       |       ||    16
       Poisonous Vapours |    11 |       |       |       ||    11
Invok: Overgrow          |       |       |       |     1 ||     1
       Grow Oklob        |       |       |       |     1 ||     1
Evoke: Wand              |       |       |       |     4 ||     4
  Use: Scroll            |     3 |     8 |     8 |     5 ||    24
       Potion            |       |       |       |     2 ||     2
 Stab: Sleeping          |     6 |       |     8 |     4 ||    18
       Distracted        |       |       |     1 |       ||     1
Armor: Robe              |    15 |       |       |       ||    15
       Leather armour    |     2 |     2 |       |       ||     4
       Ring mail         |       |    25 |    31 |    48 ||   104
Dodge: Dodged            |    35 |    21 |    38 |    51 ||   145
Block: Kite shield       |       |    17 |   221 |   351 ||   589
       Reflection        |       |       |     3 |     6 ||     9

Levels and vault maps discovered:
D:1:      tarquinn_simple_flora_water_d, layout_basic, basic_ecumenical_altar
D:2:      layout_loops_cross, st_stairs_8, nicolae_wormholes
D:3:      layout_rooms
D:4:      cheibrodos_greedy_goblins, layout_basic, chequers_big_river
D:5:      layout_cave_pools, kennysheep_slug_shrine, nicolae_ashenzari_skybound,
          uniq_pikel
D:6:      layout_cave_pods, nicolae_qazlal_eye_of_the_storm,
          grunt_temple_overflow_open, minmay_fractal_squares_gapless_5
D:7:      layout_basic, minmay_temple_entry_large_hall, serial_shops,
          shop_fountains, uniq_maggie, uniq_joseph, uniq_duvessa
D:8:      layout_loops_ring, bloody_trog
D:9:      layout_basic, vehumet_crystals, mainiacjoe_overflow_brackets,
          minmay_orc_entry_temple_small
D:10:     layout_gridville, minmay_lair_entry_lava, serial_bayou_pond_d,
          grunt_ministairs_13
Orc:1:    layout_caves, serial_shops, nicolae_shop_stone, mines3_lemuel,
          uniq_jorgrun
Orc:2:    grunt_orc_tribal_feast, layout_caves, serial_shops,
          nicolae_shop_temple_entry_statues_fountains,
          nicolae_orc_sculptors_studio

Notes
Turn   | Place    | Note
-------+----------+-------------------------------------------
     0 | D:1      | MackTheKnife the Demonspawn Venom Mage began the quest for
                  | the Orb.
     0 | D:1      | Reached XP level 1. HP: 13/13 MP: 3/3
     0 | D:1      | magus.rc [v1.9.6]
   152 | D:1      | Gained mutation: You are partially covered in rugged brown
                  | scales. (AC +1, +3% HP) [demonic ancestry]
   152 | D:1      | Reached XP level 2. HP: 5/19 MP: 0/5
   209 | D:1      | Learned a level 2 spell: Poisonous Vapours
   242 | D:1      | You pick up a book of Conjurations {@e2} and begin
                  | reading...
   242 | D:1      | You add the spells Magic Dart, Searing Ray and Fulminant
                  | Prism to your library.
   246 | D:1      | Learned a level 2 spell: Searing Ray
   582 | D:1      | Reached skill level 1 in Conjurations
   644 | D:1      | You pick up a book of Debilitation and begin reading...
   644 | D:1      | You add the spells Slow, Vampiric Draining and Confusing
                  | Touch to your library.
   670 | D:1      | Identified a scroll of acquirement
   670 | D:1      | Acquired the +6 double sword of the Aged Visionaries
                  | {speed, rF++ rC- rCorr Str+3}
   671 | D:1      | e - the +6 double sword of the Aged Visionaries {speed,
                  | rF++ rC- rCorr Str+3, longrare=g}
   672 | D:1      | e - the +6 double sword of the Aged Visionaries (weapon)
                  | {speed, rF++ rC- rCorr Str+3, longrare=g}
   684 | D:1      | Found a faded altar of an unknown god.
   696 | D:1      | Prayed at the altar of an unknown god.
   696 | D:1      | Became a worshipper of Fedhas Madash
   696 | D:1      | Reached * piety under Fedhas
   733 | D:1      | Gained mutation: You are partially covered in sharp spines.
                  | [demonic ancestry]
   733 | D:1      | Reached XP level 3. HP: 25/25 MP: 6/6
   977 | D:2      | You pick up a book of Blood and begin reading...
   977 | D:2      | You add the spells Sublimation of Blood, Wereblood and
                  | Summon Hydra to your library.
  1006 | D:2      | Reached skill level 1 in Fighting
  1041 | D:2      | Reached skill level 1 in Long Blades
  1190 | D:2      | You pick up a book of Alchemy and begin reading...
  1190 | D:2      | You add the spells Petrify and Irradiate to your library.
  1644 | D:3      | Reached XP level 4. HP: 20/33 MP: 7/7
  1698 | D:3      | Reached ** piety under Fedhas
  1774 | D:3      | Reached skill level 2 in Fighting
  1787 | D:3      | Reached skill level 2 in Long Blades
  1826 | D:3      | Gained mutation: You are mostly covered in rugged brown
                  | scales. (AC +2, +5% HP) [demonic ancestry]
  1826 | D:3      | Reached XP level 5. HP: 35/40 MP: 8/8
  2293 | D:4      | Reached skill level 3 in Long Blades
  2293 | D:4      | Acquired the +4 kite shield "Jiafug" {rC+ Regen+}
  2300 | D:4      | Acquired the +0 pair of boots "Aviestre" {Fly rElec rC+}
  2307 | D:4      | Acquired 702 gold pieces
  2309 | D:4      | Your damage rating with the +6 double sword of the Aged
                  | Visionaries {speed, rF++ rC- rCorr Str+3, longrare=g} is
                  | about 25 (Base 15 x 115% (Dex) x 111% (Skill) + 6 (Ench)).
  2393 | D:4      | Reached skill level 1 in Shields
  2393 | D:4      | Reached XP level 6. HP: 48/48 MP: 9/9
  2435 | D:4      | Reached skill level 4 in Long Blades
  2436 | D:4      | Reached *** piety under Fedhas
  2459 | D:4      | Reached skill level 2 in Shields
  2543 | D:4      | Gained mutation: Your touch may inflict minor irresistible
                  | damage on your foes. [demonic ancestry]
  2543 | D:4      | Reached XP level 7. HP: 53/53 MP: 10/10
  2674 | D:4      | Reached skill level 3 in Shields
  2677 | D:4      | You pick up a book of Geomancy and begin reading...
  2677 | D:4      | You add the spells Sandblast, Passwall and Stone Arrow to
                  | your library.
  2737 | D:4      | Reached skill level 5 in Long Blades
  3035 | D:5      | Entered Level 5 of the Dungeon
  3060 | D:5      | Identified the amulet "Qeorul" {Reflect +Inv Str-5 Slay+2
                  | SH+5 Stlth+}
  3120 | D:5      | Reached skill level 4 in Shields
  3125 | D:5      | Noticed Pikel
  3157 | D:5      | Killed Pikel
  3158 | D:5      | Reached skill level 6 in Long Blades
  3158 | D:5      | Reached skill level 5 in Shields
  3158 | D:5      | Gained mutation: Your touch may inflict irresistible damage
                  | on your foes. [demonic ancestry]
  3158 | D:5      | Reached XP level 8. HP: 59/59 MP: 11/11
  3173 | D:5      | Reached **** piety under Fedhas
  3174 | D:5      | Found a snail-covered altar of Cheibriados.
  3295 | D:5      | Found a broken altar of Ashenzari.
  3372 | D:5      | Reached skill level 7 in Long Blades
  3406 | D:5      | You pick up a book of the Spheres and begin reading...
  3406 | D:5      | You add the spells Iskenderun's Battlesphere, Fireball,
                  | Conjure Ball Lightning and Orb of Destruction to your
                  | library.
  3467 | D:5      | Reached skill level 6 in Shields
  3868 | D:6      | Reached XP level 9. HP: 65/65 MP: 12/12
  3957 | D:6      | Reached ***** piety under Fedhas
  3966 | D:6      | Reached skill level 8 in Long Blades
  3966 | D:6      | Reached skill level 7 in Shields
  4083 | D:6      | Found an opulent altar of Gozag.
  4111 | D:6      | You pick up a book of Displacement and begin reading...
  4111 | D:6      | You add the spells Lesser Beckoning, Gell's Gravitas and
                  | Teleport Other to your library.
  4149 | D:6      | You add the spells Kindle Blastsparks, Ignite Poison and
                  | Freezing Cloud to your library.
  4375 | D:6      | Found a stormy altar of Qazlal.
  4866 | D:7      | Found a staircase to the Ecumenical Temple.
  4874 | D:7      | Noticed Dowan
  4876 | D:7      | Noticed Duvessa
  4887 | D:7      | Killed Duvessa
  4888 | D:7      | Reached skill level 8 in Shields
  4889 | D:7      | Killed Dowan
  4907 | D:7      | Reached skill level 9 in Long Blades
  5109 | D:7      | Gained mutation: Your touch may irresistibly damage your
                  | foes and sap their willpower. [demonic ancestry]
  5109 | D:7      | Reached XP level 10. HP: 71/71 MP: 13/13
  5115 | D:7      | Noticed Maggie
  5122 | D:7      | Killed Maggie
  5163 | D:7      | Found Tiri's Distillery.
  5172 | D:7      | Bought a potion of might for 52 gold pieces
  5253 | D:7      | Noticed Joseph
  5261 | D:7      | Killed Joseph
  5293 | D:7      | Acquired the +2 cloak of the Thief {*Fog Slay-2 SInv
                  | Stlth+}
  5293 | D:7      | Found the +2 cloak of the Thief {*Fog Slay-2 SInv Stlth+}
  5413 | D:8      | Reached skill level 9 in Shields
  5482 | D:8      | Reached skill level 3 in Fighting
  5499 | D:8      | Reached skill level 10 in Long Blades
  5674 | D:8      | Found a bloodstained altar of Trog.
  6111 | D:9      | HP: 15/74 [vampire/vampiric draining (20)]
  6118 | D:9      | Reached skill level 4 in Fighting
  6210 | D:9      | Noticed a two-headed ogre
  6218 | D:9      | Killed a two-headed ogre
  6257 | D:9      | Acquired 1204 gold pieces
  6281 | D:9      | Reached skill level 5 in Fighting
  6461 | D:9      | Found a radiant altar of Vehumet.
  6556 | D:9      | You add the spells Sticky Flame and Ignition to your
                  | library.
  6807 | D:9      | Found a staircase to the Orcish Mines.
  6823 | D:9      | Reached skill level 11 in Long Blades
  6827 | D:9      | Reached skill level 6 in Fighting
  6832 | D:9      | Gained mutation: You sometimes gain a little power by
                  | taking damage. [demonic ancestry]
  6832 | D:9      | Reached XP level 11. HP: 42/85 MP: 14/14
  6915 | D:10     | Entered Level 10 of the Dungeon
  6966 | D:10     | Found a staircase to the Lair.
  6966 | D:10     | Noticed a fire crab
  6980 | D:10     | Killed a fire crab
  7117 | D:10     | Reached ****** piety under Fedhas
  7198 | D:10     | Reached skill level 7 in Fighting
  7672 | Orc:1    | Entered Level 1 of the Orcish Mines
  7672 | Orc:1    | Found Isye's Armour Emporium.
  7716 | Orc:1    | Your damage rating with the +6 double sword of the Aged
                  | Visionaries {speed, rF++ rC- rCorr Str+3, longrare=g} is
                  | about 31 (Base 15 x 122% (Dex) x 138% (Skill) + 6 (Ench)).
  7722 | Orc:1    | Noticed a two-headed ogre
  7734 | Orc:1    | Your damage rating with the +6 double sword of the Aged
                  | Visionaries {speed, rF++ rC- rCorr Str+3, longrare=g} is
                  | about 31 (Base 15 x 122% (Dex) x 138% (Skill) + 6 (Ench)).
  7734 | Orc:1    | Killed a two-headed ogre
  7759 | Orc:1    | Noticed an orc sorcerer
  7775 | Orc:1    | Killed an orc sorcerer
  7776 | Orc:1    | Reached skill level 8 in Fighting
  7776 | Orc:1    | Reached skill level 12 in Long Blades
  7897 | Orc:1    | You are sucked into a shaft and drop 1 floor!
  7897 | Orc:2    | Entered Level 2 of the Orcish Mines
  7924 | Orc:2    | Found Raade's Magic Scroll Emporium.
  7963 | Orc:2    | Reached skill level 1 in Invocations
  7964 | Orc:2    | Bought a scroll of teleportation for 42 gold pieces
  7964 | Orc:2    | Bought a scroll of teleportation for 42 gold pieces
  7964 | Orc:2    | Bought a scroll of identify for 28 gold pieces
  8200 | Orc:2    | Noticed an orc knight
  8281 | Orc:1    | Reached skill level 2 in Invocations
  8301 | Orc:1    | Reached skill level 3 in Invocations
  8305 | Orc:1    | Noticed an orc knight
  8369 | Orc:1    | Killed an orc knight
  8370 | Orc:1    | Reached skill level 4 in Invocations
  8374 | Orc:1    | Reached skill level 5 in Invocations
  8453 | Orc:1    | Noticed Jorgrun
  8473 | Orc:1    | Killed Jorgrun
  8474 | Orc:1    | Reached skill level 7 in Invocations
  8594 | Orc:1    | Noticed an oklob plant
  8661 | Orc:2    | Noticed an orc knight
  8689 | Orc:2    | Killed an orc knight
  8690 | Orc:2    | Reached skill level 8 in Invocations
  8724 | Orc:2    | Gained mutation: You are mostly covered in sharp spines.
                  | [demonic ancestry]
  8724 | Orc:2    | Reached XP level 12. HP: 62/97 MP: 18/18
  8771 | Orc:2    | Noticed an orc high priest
  8773 | Orc:2    | Noticed an orc high priest
  8777 | Orc:2    | Noticed an orc high priest
  8788 | Orc:2    | HP: 15/97 [orc knight/+1 glaive of pain (18)]
  8789 | Orc:2    | Slain by an orc warrior

Vanquished Creatures
  Jorgrun (Orc:1)
  2 two-headed ogres
  A fire crab (D:10)
  Pikel (D:5)
  2 orc knights
  An orc sorcerer (Orc:1)
  Joseph (D:7)
  Maggie (D:7)
  A gargoyle (D:10)
  2 trolls (Orc:1)
  A hornet (D:8)
  14 yaks
  A vampire (D:9)
  A wraith (D:10)
  2 vampire mosquitoes (D:10)
  2 steam dragons (D:7)
  Duvessa (D:7)
  A black bear (D:7)
  An ice beast (D:8)
  A sky beast (D:7)
  20 orc warriors
  6 ogres
  A centaur (D:8)
  2 lemures (D:5)
  A kobold brigand (D:6)
  A bullfrog (D:8)
  2 necrophages
  7 scorpions
  8 wights
  Dowan (D:7)
  9 killer bees (D:8)
  2 hounds
  8 jellies
  17 orc priests
  4 gnoll boudas
  7 iguanas
  19 orc wizards
  22 gnolls
  5 adders
  An ufetubus (D:5)
  3 worms
  2 dart slugs
  60 orcs
  7 endoplasms
  3 giant cockroaches
  13 goblins
  15 hobgoblins
  2 jackals (D:3)
  15 kobolds
  3 quokkas
  13 ball pythons
  5 bats
  8 frilled lizards
  3 rats
333 creatures vanquished.

Vanquished Creatures (others)
  3 orcs
  9 plants (D:4)
12 creatures vanquished.

Grand Total: 345 creatures vanquished

Table legend:
 A = Non-vault XP
 B = Vault XP
 C = Vault XP percentage of total XP
 D = Non-vault monster count
 E = Vault monster count
 F = Vault count percentage of total count
                 A         B        C        D         E       F
            +---------+---------+-------+---------+---------+-------
      Total |   14856 |    7158 |  32.5 |     275 |      56 |  16.9
            +---------+---------+-------+---------+---------+-------
        D:1 |      47 |       0 |   0.0 |      30 |       0 |   0.0
        D:2 |      18 |      12 |  40.0 |      11 |       3 |  21.4
        D:3 |     167 |       0 |   0.0 |      25 |       0 |   0.0
        D:4 |     723 |      24 |   3.2 |      27 |      13 |  32.5
        D:5 |     896 |     633 |  41.4 |      22 |       2 |   8.3
        D:6 |     938 |     371 |  28.3 |      39 |       6 |  13.3
        D:7 |    1483 |    1101 |  42.6 |      19 |       4 |  17.4
        D:8 |    1610 |       0 |   0.0 |      21 |       0 |   0.0
        D:9 |    2730 |     496 |  15.4 |      28 |       9 |  24.3
       D:10 |    2195 |    1375 |  38.5 |      10 |       4 |  28.6
      Orc:1 |    3720 |    1959 |  34.5 |      34 |       1 |   2.9
      Orc:2 |     329 |    1187 |  78.3 |       9 |      14 |  60.9
            +---------+---------+-------+---------+---------+-------

Illustrated notes

Table legend:
 A = Kills in this place as a percentage of kills in entire the game.
 B = Kills by you in this place as a percentage of kills by you in the entire game.
 C = Kills by friends in this place as a percentage of kills by friends in the entire game.
 D = Other kills in this place as a percentage of other kills in the entire game.
 E = Experience gained in this place as a percentage of experience gained in the entire game.
 F = Experience gained in this place divided by the number of levels of this place that you have seen.
                   A       B       C       D       E      F
               +-------+-------+-------+-------+-------+----------------------
         Total | 100.0 | 100.0 |   N/A |   N/A | 100.0 | 1834.5
       Dungeon |  82.5 |  82.5 |   N/A |   N/A |  67.3 | 1481.9
  Orcish Mines |  17.5 |  17.5 |   N/A |   N/A |  32.7 | 3597.5
               +-------+-------+-------+-------+-------+----------------------

Table legend: (Time is in decaauts)
 A = Elapsed time spent in this place.
 B = Non-inter-level travel time spent in this place.
 C = Inter-level travel time spent in this place.
 D = Time resting spent in this place.
 E = Time spent auto-exploring this place.
 F = Levels seen in this place.
 G = Mean time per level.
                   A        B        C        D        E       F      G
               +--------+--------+--------+--------+--------+-----+--------+
         Total |   8624 |   8309 |    315 |    383 |   6045 |  12 |  718.7 |
       Dungeon |   7593 |   7305 |    288 |    379 |   5373 |  10 |  759.3 |
  Orcish Mines |   1031 |   1005 |     26 |      4 |    671 |   2 |  515.5 |
               +--------+--------+--------+--------+--------+-----+--------+

Top non-repeatable levels by time:
     D:6: 913 daAuts
     D:1: 909 daAuts
     D:9: 883 daAuts
     D:4: 827 daAuts
     D:2: 782 daAuts
     D:7: 718 daAuts
    D:10: 710 daAuts
     D:5: 672 daAuts
     D:8: 663 daAuts
   Orc:1: 603 daAuts
     D:3: 513 daAuts
   Orc:2: 428 daAuts
